 Dungeon Crawl Stone Soup version 0.24.1-11-gbbbb2193e6 (webtiles) character file.

Game seed: 13978801523096316998, levelgen mode: deterministic

151 Peloso the Shield-Bearer (level 5, -3/41 HPs)
             Began as a Demonspawn Fighter on May 14, 2020.
             Slain by a worker ant (4 damage)
             ... on level 4 of the Dungeon.
             The game lasted 00:05:07 (2013 turns).

Peloso the Shield-Bearer (Demonspawn Fighter)       Turns: 2013, Time: 00:05:08

Health: -3/41      AC: 15    Str: 18    XL:     5   Next: 10%
Magic:  5/5        EV:  5    Int:  9    God:
Gold:   50         SH: 10    Dex: 12    Spells: 4/4 levels left

rFire    . . .     SeeInvis .   a - +1 long sword
rCold    . . .     Gourm    .   c - +1 shield
rNeg     . . .     Faith    .   e - +3 chain mail {rPois}
rPois    +         Spirit   .   (helmet restricted)
rElec    .         Reflect  .   (no cloak)
rCorr    .         Harm     .   (no gloves)
MR       .....                  (no boots)
Stlth    ..........             (no amulet)
HPRegen  0.13/turn              (no ring)
MPRegen  0.09/turn              (no ring)

@: no status effects
A: horns 2, molten scales 2
a: no special abilities


You were on level 4 of the Dungeon.
You were not hungry.

You visited 1 branch of the dungeon, and saw 4 of its levels.

You collected 50 gold pieces.

Inventory:

Hand Weapons
 a - a +1 long sword (weapon)
Armour
 b - a +0 scale mail
 c - a +1 shield (worn)
 e - a +3 chain mail of poison resistance (worn)
Jewellery
 i - an uncursed ring of flight {unknown}
 j - an uncursed ring of fire {unknown}
Scrolls
 g - a scroll of noise {unknown}
 k - a scroll of blinking {unknown}
 l - a scroll of teleportation {unknown}
 m - a scroll of amnesia {unknown}
 n - a scroll of identify {unknown}
Potions
 d - a potion of might
 h - 2 potions of resistance
Comestibles
 f - 5 rations


   Skills:
 + Level 3.2 Fighting
 + Level 3.3 Long Blades
 + Level 3.3 Armour
 + Level 1.0 Dodging
 + Level 3.5 Shields


You had 4 spell levels left.
You didn't know any spells.
Your spell library was empty.

Dungeon Overview and Level Annotations

Branches:
Dungeon (4/15)
 Temple: D:4-7

Altars:
Qazlal


Innate Abilities, Weirdness & Mutations

You have a pair of horns on your head.
You are mostly covered in molten scales. (AC +3)


Message History

The worker ant bites you but does no damage.
You block the worker ant's attack. The worker ant bites you.
You block the worker ant's attack. x2
The worker ant barely misses you. The worker ant bites you.
* * * LOW HITPOINT WARNING * * *
The worker ant bites you but does no damage.
You block the worker ant's attack.
The worker ant bites you but does no damage.
The worker ant bites you but does no damage.
You block the worker ant's attack.
The worker ant bites you but does no damage.
You block the worker ant's attack. The worker ant bites you.
* * * LOW HITPOINT WARNING * * *
The worker ant barely misses you. x2
You block the worker ant's attack. The worker ant bites you.
* * * LOW HITPOINT WARNING * * *
You block the worker ant's attack.
The worker ant bites you but does no damage.
The worker ant bites you.
You die...

# #.# # #.# #. ##$....#
#####.# #.#.......#
...##.# ..♣...♣..#
##.##.# ##.........#
#.##.# #.♣...<...♣.
##....# #.......=.#
...############a♣a..♣.##
##..............@.......
##############...######
#####


You could see 2 worker ants.

Vanquished Creatures
  Jessica (D:2)
  Terence (D:2)
  2 adders
  2 oozes
  3 worms (D:2)
  3 dart slugs (D:1)
  3 leopard geckos (D:2)
  An orc (D:3)
  A ball python (D:2)
  4 bats
  A giant cockroach (D:1)
  5 hobgoblins
  6 jackals
  6 kobolds
  2 quokkas
  5 frilled lizards
  4 goblins
  7 rats
57 creatures vanquished.

Notes
Turn   | Place    | Note
-------+----------+-------------------------------------------
     0 | D:1      | Peloso the Demonspawn Fighter began the quest for the Orb.
     0 | D:1      | Reached XP level 1. HP: 18/18 MP: 1/1
    64 | D:1      | Gained mutation: You are partially covered in molten
                  | scales. (AC +2) [demonic ancestry]
    64 | D:1      | Reached XP level 2. HP: 22/24 MP: 2/2
   498 | D:1      | Gained mutation: You have a pair of small horns on your
                  | head. [demonic ancestry]
   498 | D:1      | Reached XP level 3. HP: 29/29 MP: 3/3
  1452 | D:2      | Noticed Jessica
  1460 | D:2      | Killed Jessica
  1460 | D:2      | Gained mutation: You are mostly covered in molten scales.
                  | (AC +3) [demonic ancestry]
  1460 | D:2      | Reached XP level 4. HP: 35/35 MP: 4/4
  1575 | D:2      | Noticed Terence
  1604 | D:2      | Killed Terence
  1812 | D:2      | Found a stormy altar of Qazlal.
  1821 | D:2      | Gained mutation: You have a pair of horns on your head.
                  | [demonic ancestry]
  1821 | D:2      | Reached XP level 5. HP: 41/41 MP: 5/5
  1824 | D:2      | You fall into a shaft and drop 1 floor!
  1984 | D:4      | Reached skill level 1 in Dodging
  2012 | D:4      | HP: 1/41 [worker ant (3)]
  2013 | D:4      | Slain by a worker ant

Levels and vault maps discovered:
D:1:      dpeg_arrival_simpleton_c, layout_basic,
          chequers_serial_rivers_small_a, hex_medium, minmay_pentomino_z2
D:2:      minmay_skewed_foursquare, layout_basic, zin_scriptorium,
          grunt_qazlal_sundering, roderic_lattice_a,
          minmay_fractal_squares_gapless_5, uniq_jessica, uniq_terence
D:3:      layout_loops_ring, minmay_crystal_room, guppyfry_early_orc_mine
D:4:      layout_loops_ring, minmay_temple_entry_large_hall, grunt_ministairs_2,
          uniq_menkaure

Skill      XL: |  1  2  3  4  5 |
---------------+----------------+-----
Armour         | 3 |  3.3
Long Blades    | 2 3 |  3.3
Shields        | 3 |  3.5
Dodging        | 1 |  1.0
Fighting       | |  3.2

Action                   |  1- 3 |  4- 6 || total
-------------------------+-------+-------++-------
Melee: Long sword        |   213 |    75 ||   288
       Headbutt          |    15 |    11 ||    26
  Use: Scroll            |     3 |     1 ||     4
       Potion            |       |     2 ||     2
  Eat: Chunk             |     2 |     2 ||     4
Armor: Scale mail        |   135 |     6 ||   141
       Chain mail        |       |    35 ||    35
Dodge: Dodged            |    98 |    24 ||   122
Block: Shield            |   149 |    55 ||   204
       Rpst.: Long sword |    29 |    10 ||    39
